 Dungeon Crawl Stone Soup version 0.30-a0-757-ga6a79fd877 (webtiles) character file.

Game seed: 16300443574618303524

272 themarg the Trooper (level 6, -2/57 HPs)
             Began as a Hill Orc Fighter on Feb 10, 2023.
             Slain by an ogre
             ... wielding a +0 giant club
              (9 damage)
             ... on level 4 of the Dungeon.
             The game lasted 00:07:23 (2946 turns).

themarg the Trooper (Hill Orc Fighter)              Turns: 2946, Time: 00:07:24

Health: -2/57      AC:  9    Str: 21    XL:     6   Next: 23%
Magic:  6/6        EV:  9    Int:  8    God:
Gold:   61         SH:  5    Dex: 10    Spells: 5/5 levels left

rFire   . . .      SeeInvis .    a - +0 war axe
rCold   . . .      Faith    .    c - +0 buckler
rNeg    . . .      Spirit   .    b - +0 scale mail
rPois   .          Reflect  .    t - +0 helmet
rElec   .          Harm     .    (no cloak)
rCorr   .          Rampage  .    (no gloves)
Will    .....                    s - +0 pair of boots Stlth
                                 (no amulet)
HPRegen 0.29/turn                (no ring)
MPRegen 0.10/turn                (no ring)

@: no status effects
A: no striking features
a: no special abilities


You were on level 4 of the Dungeon.
You visited 1 branch of the dungeon, and saw 4 of its levels.

You collected 61 gold pieces.

Inventory:

Hand Weapons
 a - a +0 war axe (weapon)
Missiles
 e - a throwing net
 f - 29 stones
 q - 9 poisoned darts (quivered)
Armour
 b - a +0 scale mail (worn)
 c - a +0 buckler (worn)
 s - a +0 pair of boots (worn)
 t - a +0 helmet (worn)
Scrolls
 j - a scroll of poison {unknown}
 k - a scroll of enchant armour {unknown}
 p - 3 scrolls of enchant weapon
 r - a scroll of immolation {unknown}
Potions
 d - 3 potions of might
 i - a potion of flight
 l - 3 potions of brilliance
 m - 4 potions of heal wounds
 o - a potion of curing
 u - 3 potions of resistance


   Skills:
 + Level 5.8 Fighting
 - Level 5.0 Axes
 - Level 3.2 Armour
 - Level 5.0 Shields


You had 5 spell levels left.
You didn't know any spells.
Your spell library contained the following spells:

 Spells                   Type           Power      Damage    Failure   Level
 Blink                    Tloc           0%         N/A       92%         2
 Lesser Beckoning         Tloc           0%         N/A       92%         2
 Momentum Strike          Conj/Tloc      0%         3d8       92%         2


Dungeon Overview and Level Annotations

Branches:
Dungeon (4/15)
 Temple: D:4-7

Altars:
Elyvilon
Sif Muna
Wu Jian
Xom

Annotations:
D:4 6 exclusions


Message History

Your Shields skill increases to level 5!
You have reached level 6!
l - 3 potions of brilliance (gained 1)
Things that are here:
a +1 flail of holy wrath; a +0 scale mail; the human corpse of Edmund
q - 9 poisoned darts (gained 1)
q - 10 poisoned darts (gained 1)
q - 11 poisoned darts (gained 1)
q - 12 poisoned darts (gained 1)
An ogre comes into view. It is wielding a +0 giant club.
The ogre shouts!
You hear the brisk hiss of a very distant avalanche of sand.
Throw: 12 darts (poison)
Press: ? - help, Q - select action, (/) - cycle Shift-Dir - straight line, f - ogre
Aim: an ogre, wielding a +0 giant club (73% to hit)
You throw a poisoned dart.
The poisoned dart barely misses the ogre.
The ogre hits you with a +0 giant club!!
Throw: 11 darts (poison)
Press: ? - help, Q - select action, (/) - cycle Shift-Dir - straight line, f/p - ogre
Aim: an ogre, wielding a +0 giant club (73% to hit)
You throw a poisoned dart. The poisoned dart hits the ogre.
You slash the ogre!
The ogre is moderately wounded.
The ogre hits you with a +0 giant club!
You slash the ogre!
The ogre is severely wounded.
The ogre hits you with a +0 giant club!
* * * LOW HITPOINT WARNING * * *
You hit the ogre but do no damage.
The ogre is severely wounded.
The ogre hits you with a +0 giant club!
* * * LOW HITPOINT WARNING * * *
Throw: 10 darts (poison)
Press: ? - help, Q - select action, (/) - cycle Shift-Dir - straight line, f/p - ogre
Aim: an ogre, wielding a +0 giant club (severely wounded, 73% to hit)
You throw a poisoned dart.
The poisoned dart barely misses the ogre.
The ogre hits you with a +0 giant club!
You die...

#####.#### ##...##
#.## #.# ##+## #†#
#.# #.# #.# #.# #.#
# #.# #.# ##### .##
#.# #.# #... ...##
#.#
#.#####.#####.....#
#.#
#..........@O.....(
#######.#######....
#.# # #.. ####


You could see an ogre.

Vanquished Creatures
  Edmund (D:4)
  2 iguanas (D:4)
  Robin (D:3)
  2 adders (D:3)
  An ufetubus (D:3)
  2 worms (D:3)
  An orc (D:3)
  6 bats
  3 endoplasms
  2 giant cockroaches
  6 hobgoblins
  10 kobolds
  4 quokkas
  4 ball pythons
  A frilled lizard (D:1)
  13 goblins
  A rat (D:3)
60 creatures vanquished.

Notes
Turn   | Place    | Note
-------+----------+-------------------------------------------
     0 | D:1      | themarg the Hill Orc Fighter began the quest for the Orb.
     0 | D:1      | Reached XP level 1. HP: 19/19 MP: 1/1
   301 | D:1      | Reached XP level 2. HP: 27/27 MP: 2/2
  1090 | D:2      | Reached XP level 3. HP: 32/33 MP: 3/3
  1673 | D:3      | Found a white marble altar of Elyvilon.
  2039 | D:3      | Noticed Robin
  2050 | D:3      | Killed Robin
  2051 | D:3      | Reached XP level 4. HP: 34/41 MP: 4/4
  2119 | D:3      | Found a shimmering blue altar of Sif Muna.
  2146 | D:3      | Found a shimmering altar of Xom.
  2415 | D:3      | Found an ornate altar of the Wu Jian Council.
  2757 | D:4      | Reached XP level 5. HP: 36/47 MP: 5/5
  2843 | D:4      | Reached skill level 5 in Fighting
  2889 | D:4      | Noticed Edmund
  2897 | D:4      | Killed Edmund
  2898 | D:4      | Reached skill level 5 in Axes
  2898 | D:4      | Reached skill level 5 in Shields
  2898 | D:4      | Reached XP level 6. HP: 53/57 MP: 6/6
  2946 | D:4      | Slain by an ogre

Illustrated notes

Levels and vault maps discovered:
D:1:      giann_horns, layout_loops_corners
D:2:      layout_basic
D:3:      layout_loops_ring, mainiacjoe_overflow_boulevard,
          overflow_temple_1_default, lemuel_tele_altar,
          nicolae_sif_muna_little_library, grunt_decor_junction, kennysheep_nub,
          uniq_robin
D:4:      layout_loops_corners, nicolae_ossuary_entry_giza, uniq_sigmund,
          uniq_ijyb, uniq_edmund, uniq_natasha

Skill      XL: |  1  2  3  4  5 |
---------------+----------------+-----
Axes           | 3 4 5 |  5.0
Fighting       | 4 5 |  5.8
Shields        | 4 5 |  5.0
Armour         | |  3.2

Action                     |  1- 3 |  4- 6 || total
---------------------------+-------+-------++-------
  Melee: War axe           |   143 |    52 ||   195
  Throw: Dart              |       |     7 ||     7
    Use: Scroll            |       |     7 ||     7
 Armour: Scale mail        |    65 |    23 ||    88
  Dodge: Dodged            |    66 |    17 ||    83
  Block: Buckler           |    37 |     9 ||    46

Table legend: (Time is in decaauts)
 A = Elapsed time spent in this place.
 B = Non-inter-level travel time spent in this place.
 C = Inter-level travel time spent in this place.
 D = Time resting spent in this place.
 E = Time spent auto-exploring this place.
 F = Levels seen in this place.
 G = Mean time per level.
                   A        B        C        D        E       F      G
               +--------+--------+--------+--------+--------+-----+--------+
         Total |   3017 |   2931 |     86 |      7 |   2209 |   4 |  754.2 |
       Dungeon |   3017 |   2931 |     86 |      7 |   2209 |   4 |  754.2 |
               +--------+--------+--------+--------+--------+-----+--------+

Top non-repeatable levels by time:
     D:3: 1056 daAuts
     D:2: 905 daAuts
     D:1: 795 daAuts
     D:4: 259 daAuts
